 Dungeon Crawl Stone Soup version 0.24-a0-639-gb70a11d811 (webtiles) character file.

Game seed: 8873162395922478311, levelgen mode: deterministic

56 Ijustatesigmund the Chopper (level 3, -3/52 HPs)
             Began as a Hill Orc Monk on Sept 23, 2019.
             Slain by an ogre
             ... wielding a cursed -2 giant club
              (12 damage)
             ... on level 3 of the Dungeon.
             The game lasted 00:03:04 (1098 turns).

Ijustatesigmund the Chopper (Hill Orc Monk)         Turns: 1098, Time: 00:03:04

Health: -3/52      AC: 21    Str: 18    XL:     3   Next: 95%
Magic:  2/2        EV:  2    Int: 10    God:
Gold:   31         SH:  0    Dex: 14    Spells: 2/2 levels left

rFire    . . .     SeeInvis .   a - +1 hand axe
rCold    . . .     Gourm    .   (no shield)
rNeg     + + +     Faith    .   (armour currently unavailable)
rPois    +         Spirit   .   (helmet currently unavailable)
rElec    .         Reflect  .   (cloak currently unavailable)
rCorr    .         Harm     .   (gloves currently unavailable)
MR       .....     NoTele   +   (boots currently unavailable)
Stlth    ++........             (no amulet)
HPRegen  0.17/turn              (no ring)
MPRegen  0.08/turn              (no ring)

@: mighty, tree-form
A: rugged brown scales 1, low mp 1
a: no special abilities


You were on level 3 of the Dungeon.
You were hungry.
You were a tree.
You visited 1 branch of the dungeon, and saw 3 of its levels.

You collected 31 gold pieces.

Inventory:

Hand Weapons
 a - a +1 hand axe (weapon)
Missiles
 d - 6 silver javelins (quivered)
Armour
 b - a +1 robe (melded)
Scrolls
 e - a scroll of enchant armour
 j - 2 scrolls of remove curse
Potions
 f - a potion of mutation
Comestibles
 c - a ration


   Skills:
 + Level 4.3 Fighting
 * Level 5.5 Axes
 + Level 0.4 Throwing
 - Level 2.4 Dodging
 - Level 1.5 Stealth


You had 2 spell levels left.
You didn't know any spells.
Your spell library was empty.

Dungeon Overview and Level Annotations

Branches:
Dungeon (3/15)

Altars:

Annotations:
D:2 Sigmund


Innate Abilities, Weirdness & Mutations

((You are partially covered in iridescent scales. (AC +2)))
(You are partially covered in rugged brown scales. (AC +1, +3% HP))
Your magical capacity is low. (-10% MP)


Message History

The ogre is moderately wounded.
You barely miss the ogre.
The ogre is moderately wounded.
You hit the dart slug.
You kill the dart slug!
The ogre hits you with a cursed -2 giant club!!
Ouch! That really hurt!
* * * LOW HITPOINT WARNING * * *
Okay, then.
Okay, then.
It was a potion of might.
You feel very mighty all of a sudden. The ogre closely misses you.
It was a potion of lignification.
You turn into a tree.
Your +1 robe melds into your body.
Your roots penetrate the ground.
The ogre hits you but does no damage.
You slash the ogre!
The ogre is severely wounded.
The ogre hits you with a cursed -2 giant club!
You die...

#. #(. ###### #.# .#
#(. #....# #.# .# ..
#.##.####.# .#$
#.#.......#
##+##'##+###.#..######
#.........##.#..#
#.8..8..8.##.#..#
#...O.....##.#..#
#.#####♣######.####
#...(..(# #.######
##.####(## #......#
#..# ######.#
##.####### #.#
#.>.....# #.####
##.#####.# #..... #..#
#.# ###### #.## #.#


You could see an ogre.

Vanquished Creatures
  An adder (D:3)
  3 dart slugs
  A leopard gecko (D:1)
  3 giant cockroaches
  4 goblins (D:1)
  7 hobgoblins
  11 bats
  2 frilled lizards (D:1)
  5 kobolds
  4 rats (D:1)
41 creatures vanquished.

Notes
Turn   | Place    | Note
-------+----------+-------------------------------------------
     0 | D:1      | Ijustatesigmund the Hill Orc Monk began the quest for the
                  | Orb.
     0 | D:1      | Reached XP level 1. HP: 19/19 MP: 1/1
   149 | D:1      | Reached XP level 2. HP: 13/27 MP: 2/2
   614 | D:1      | Reached skill level 5 in Axes
   618 | D:1      | Reached XP level 3. HP: 28/33 MP: 3/3
   780 | D:1      | Gained mutation: Your magical capacity is low. (-10% MP)
                  | [potion of mutation]
   780 | D:1      | Gained mutation: You are partially covered in iridescent
                  | scales. (AC +2) [potion of mutation]
   780 | D:1      | Gained mutation: You are partially covered in rugged brown
                  | scales. (AC +1, +3% HP) [potion of mutation]
   991 | D:2      | Noticed Sigmund
  1082 | D:3      | Noticed an ogre
  1098 | D:3      | Slain by an ogre

Levels and vault maps discovered:
D:1:      lightli_arrival_windingriver, layout_basic
D:2:      layout_loops_ring, minmay_randomly_rotated_circles, uniq_terence,
          uniq_sigmund
D:3:      minmay_chambers_of_threes, layout_basic, first_ration

Skill      XL: |  1  2 |
---------------+-------+-----
Fighting       | 4 |  4.3
Axes           | 5 |  5.5
Throwing       | |  0.4
Dodging        | |  2.4
Stealth        | |  1.5

Action                   || total
-------------------------++-------
Melee: Hand axe          ||    88
Throw: Javelin           ||     2
  Use: Scroll            ||     5
       Potion            ||     4
 Stab: Sleeping          ||     2
Armor: Robe              ||    37
       Skin              ||     1
Dodge: Dodged            ||   104

Table legend:
 A = Non-vault XP
 B = Vault XP
 C = Vault XP percentage of total XP
 D = Non-vault monster count
 E = Vault monster count
 F = Vault count percentage of total count
                 A         B        C        D         E       F
            +---------+---------+-------+---------+---------+-------
      Total |      58 |      22 |  27.5 |      36 |       5 |  12.2
            +---------+---------+-------+---------+---------+-------
        D:1 |      54 |       0 |   0.0 |      34 |       0 |   0.0
        D:3 |       4 |      22 |  84.6 |       2 |       5 |  71.4
            +---------+---------+-------+---------+---------+-------
